 Dungeon Crawl Stone Soup version 0.13.0-6-g40e4d2d (webtiles) character file.

1803 MYMAN the Archer (level 8, -4/61 HPs)
             Began as a Centaur Hunter on Oct 15, 2013.
             Was a Follower of Okawaru.
             Shot with a sling bullet of frost by Joseph (16 damage)
             ... on Level 7 of the Dungeon.
             The game lasted 00:30:53 (4714 turns).

MYMAN the Archer (Centaur Hunter)                   Turns: 4714, Time: 00:30:54

HP  -4/61        AC  8     Str 15      XL: 8   Next: 62%
MP   5/5         EV 10     Int 10      God: Okawaru [*.....]
Gold 204         SH  0     Dex 12      Spells:  0 memorised,  7 levels left

Res.Fire  : . . .   See Invis. : .   b - +1 bow
Res.Cold  : . . .   Warding    : .   e - +2 robe {MR+}
Life Prot.: . . .   Conserve   : .   (no shield)
Res.Poison: .       Res.Corr.  : .   (no helmet)
Res.Elec. : .       Clarity    : .   (no cloak)
Sust.Abil.: . .     Spirit.Shd : .   (no gloves)
Res.Mut.  : .       Stasis     : .   (no barding)
Res.Rott. : .       Flight     : .   F - amulet of the gourmand
Gourmand  : +                        (no ring)
                                     j - +2 ring of protection

@: very quick, somewhat resistant to hostile enchantments, very unstealthy
A: hooves 3, deformed body, herbivore 1, speed 2, fast metabolism 1, tough skin
3
a: Heroism, Renounce Religion


You were on level 7 of the Dungeon.
You worshipped Okawaru.
Okawaru was aware of your devotion.
You were very full.

You visited 2 branches of the dungeon, and saw 8 of its levels.

You collected 184 gold pieces.

Inventory:

Hand weapons
 a - a +0,+0 short sword
 b - a +1,+1 bow (weapon)
 s - a cursed -3,-1 short sword
 t - a +0,+2 scythe of flaming
 N - a cursed -2,-2 orcish flail
Missiles
 c - 40 arrows (quivered)
 u - 12 arrows of dispersal
 G - a throwing net
Armour
 d - a +0 leather armour
 e - a +2 robe of magic resistance (worn)
 p - a +0 elven ring mail
 D - the -2 cloak "Gigoil" {Stlth++}
   (You found it on level 4 of the Dungeon)

   It makes you much more stealthy.
Magical devices
 z - a wand of lightning (9) {unknown}
 C - a wand of digging (14) {unknown}
 H - a wand of frost (13) {unknown}
 M - a wand of polymorph (0)
Comestibles
 f - 5 bread rations
 o - 2 meat rations
 A - a pear
Scrolls
 g - 3 scrolls of fog {unknown}
 i - 2 scrolls of enchant armour {unknown}
 l - 2 scrolls of noise {unknown}
 m - a scroll of curse weapon {unknown}
 n - 3 scrolls of identify {unknown}
 x - a scroll of fear {unknown}
 y - 2 scrolls of remove curse {unknown}
 B - 4 scrolls of teleportation {unknown}
 I - 3 scrolls of magic mapping {unknown}
 J - a scroll of random uselessness {unknown}
 O - a scroll of vulnerability {unknown}
 P - a scroll of immolation {unknown}
Jewellery
 j - a +2 ring of protection (left hand)
 q - an uncursed ring of fire
 F - an amulet of the gourmand (around neck)
Potions
 h - 2 potions of curing
 k - a potion of might {unknown}
 r - a potion of restore abilities {unknown}
 w - a potion of beneficial mutation {unknown}
 E - a potion of confusion {unknown}
 K - a potion of brilliance {unknown}


   Skills:
 + Level 1.0 Fighting
 + Level 13.8 Bows
 + Level 2.5 Dodging
 + Level 1.2 Stealth


You had 7 spell levels left.
You didn't know any spells.

Dungeon Overview and Level Annotations

Branches:
Dungeon (7/27)             Temple (1/1) D:4
    Orc: D:6-11

Altars:
Elyvilon
Kikubaaqudgha
Makhleb
Nemelex Xobeh
Okawaru
Sif Muna
Trog
Vehumet
Zin
the Shining One

Shops:
D:4 =

Annotations:
D:7 Joseph


Innate Abilities, Weirdness & Mutations

You have hooves in place of feet.
Armour fits poorly on your strangely shaped body.
You digest meat inefficiently.
You cover ground very quickly.
You have a fast metabolism.
You have extremely tough skin (AC +3).


Message History

Joseph shoots a sling bullet of frost.
The sling bullet of frost hits you!
Firing (i - inventory. (,) - cycle):
c - 41 arrows (quivered)
Press: ? - help, Shift-Dir - straight line, f/p - Joseph
Aim: Joseph, wielding a sling and wearing a ring mail (heavily wounded)
You shoot an arrow. The arrow hits Joseph.
Joseph is heavily wounded.
Joseph shoots a sling bullet of frost.
The sling bullet of frost hits you!
* * * LOW HITPOINT WARNING * * *
Firing (i - inventory. (,) - cycle):
c - 40 arrows (quivered)
Press: ? - help, Shift-Dir - straight line, f/p - Joseph
Aim: Joseph, wielding a sling and wearing a ring mail (heavily wounded)
Okay, then.
Read which item? (? for menu, Esc to quit)
Okay, then.
Joseph shoots a sling bullet of frost.
The sling bullet of frost hits you!
* * * LOW HITPOINT WARNING * * *
You see here a sling bullet of frost.
Joseph shoots a sling bullet of frost.
The sling bullet of frost hits you!
Your smoky cyan potion freezes and shatters!
You die...

##### ...#
.########.######
...............##### .
####.(((@(((.....###.# .
#(##.######@......# ..
#.##)# #.......#
##.###.##.# #.......##
.......##.# ###.........
.#.######.####.#......###
# ........#......#
#..........#### #.#
######.#############.# .#
#.# #......##.#


You could see Joseph.

Vanquished Creatures
  The ghost of Piginabag the Zealot, an average TrDK of Yredelemnul (D:5)
  Grinder (D:4)
  A sky beast (D:7)
  Sigmund (D:2)
  A giant frog (D:6)
  Blork the orc (D:7)
  A gnoll sergeant (D:6)
  2 hounds
  2 crimson imps (D:5)
  4 orc priests
  6 orc wizards
  3 worker ants
  A gnoll shaman (D:6)
  8 gnolls
  10 adders
  A giant mite (D:4)
  2 worms
  2 giant geckos
  4 oozes
  12 orcs
  A bat skeleton (D:5)
  16 goblins
  11 hobgoblins
  13 jackals
  8 kobolds
  3 quokkas
  A ball python (D:2)
  A ball python skeleton (D:5)
  9 bats
  2 giant newts
  A gnoll skeleton (D:4)
  12 rats
142 creatures vanquished.

Notes
Turn   | Place    | Note
--------------------------------------------------------------
     0 | D:1      | MYMAN, the Centaur Hunter, began the quest for the Orb.
     0 | D:1      | Reached XP level 1. HP: 17/17 MP: 0/0
   224 | D:1      | Reached XP level 2. HP: 24/24 MP: 1/1
   260 | D:1      | Reached skill level 6 in Bows
   529 | D:1      | Reached XP level 3. HP: 29/29 MP: 2/2
   827 | D:2      | Noticed Sigmund
   858 | D:2      | Killed Sigmund
   858 | D:2      | Reached skill level 7 in Bows
   858 | D:2      | Reached XP level 4. HP: 22/36 MP: 2/2
   991 | D:2      | Reached skill level 8 in Bows
  1181 | D:2      | Reached XP level 5. HP: 39/41 MP: 3/3
  1933 | D:4      | Reached skill level 9 in Bows
  1988 | D:4      | Found a staircase to the Ecumenical Temple.
  1991 | D:4      | Noticed Grinder
  1997 | D:4      | Killed Grinder
  1997 | D:4      | Reached skill level 10 in Bows
  1997 | D:4      | Reached XP level 6. HP: 48/48 MP: 4/4
  2093 | Temple   | Entered the Ecumenical Temple
  2101 | Temple   | Became a worshipper of Warmaster Okawaru
  2328 | D:4      | Reached XP level 7. HP: 53/53 MP: 4/4
  2336 | D:4      | Reached skill level 1 in Stealth
  2356 | D:4      | Got a distressingly furry cloak
  2359 | D:4      | Identified the -2 cloak "Gigoil" {Stlth++} (You found it on level 4 of the Dungeon)
  2399 | D:4      | Found Ushufedyp's Jewellery Shoppe.
  2433 | D:4      | Reached skill level 11 in Bows
  2782 | D:5      | Entered Level 5 of the Dungeon
  2897 | D:5      | Noticed Piginabag's ghost (average TrDK)
  2957 | D:5      | Killed Piginabag's ghost
  2957 | D:5      | Reached skill level 12 in Bows
  3135 | D:5      | Acquired Okawaru's first power
  3356 | D:5      | Reached XP level 8. HP: 61/61 MP: 5/5
  4127 | D:6      | Reached skill level 13 in Bows
  4197 | D:6      | Noticed an iron devil
  4317 | D:7      | Noticed Blork the orc
  4360 | D:7      | Killed Blork the orc
  4682 | D:7      | Noticed Joseph
  4705 | D:7      | HP: 1/61 [Joseph/ sling bullet of frost (12)]
  4714 | D:7      | Shot with a sling bullet of frost by Joseph

Action                   |  1- 3 |  4- 6 |  7- 9 || total
-------------------------+-------+-------+-------++-------
 Fire: Bow               |    74 |   124 |   197 ||   395
  Use: Potion            |       |       |     4 ||     4
